 Dungeon Crawl Stone Soup version 0.32-a0-953-g508020473e (webtiles) character file.

Game seed: 12232703294782212447

217 Maxmaps the Cudgeller (level 5, -1/81 HPs)
             Began as an Oni Monk on Apr 16, 2024.
             Slain by a ribbon worm (6 damage)
             ... on level 4 of the Dungeon.
             The game lasted 00:03:06 (3221 turns).

Maxmaps the Cudgeller (Oni Monk)                    Turns: 3221, Time: 00:03:06

Health: -1/81      AC: 22    Str: 15    XL:     5   Next: 94%
Magic:  5/5        EV:  1    Int: 13    God:
Gold:   157        SH:  0    Dex: 11    Spells: 4/4 levels left

rFire   + . .        f - staff of air
rCold   . . .        d - orb {light}
rNeg    + . .        b - melded +0 robe
rPois   +            (helmet currently unavailable)
rElec   +            r - melded +0 cloak
rCorr   .            (gloves unavailable)
SInv    .            (boots unavailable)
Will    .....        (no amulet)
Stlth   +            w - ring of positive energy
HPRegen 0.33/turn    x - ring of protection from fire
MPRegen 0.09/turn

%: no passive effects
@: tree-form, glowing
A: stationary, stasis, torment immunity, boosted hp, large, unfitting armour,
(horns 1), (tough skin 1), double potion healing, drunken brawling
a: no special abilities


You were on level 4 of the Dungeon.
You were a tree.
You visited 1 branch of the dungeon, and saw 4 of its levels.

You collected 157 gold pieces.

Inventory:

Hand Weapons
 a - a +0 mace
Armour
 b - a +0 robe (melded)
 d - an orb of light (worn)
 r - a +0 cloak (melded)
Magical Staves
 f - a staff of air (weapon)
Jewellery
 p - an amulet of faith
 w - a ring of positive energy (left branch)
 x - a ring of protection from fire (right branch)
Wands
 t - a wand of polymorph (10)
Scrolls
 e - a scroll of revelation {unknown}
 g - a scroll of poison {unknown}
 h - 9 scrolls of identify {unknown}
 i - 2 scrolls of immolation {unknown}
 l - a scroll of blinking {unknown}
 n - 2 scrolls of vulnerability {unknown}
 o - a scroll of enchant armour {unknown}
 q - a scroll of enchant weapon {unknown}
Potions
 c - a potion of degeneration {unknown}
 j - a potion of haste {unknown}
 k - a potion of lignification
 m - 3 potions of curing {unknown}
 s - a potion of attraction {unknown}
 u - a potion of enlightenment {unknown}
 v - a potion of mutation {unknown}


   Skills:
 - Level 4.0 Fighting
 + Level 6.4 Maces & Flails
 - Level 2.6 Dodging


You had 4 spell levels left.
You didn't know any spells.
Your spell library contained the following spells:

 Spells                   Type           Power      Damage    Failure   Level
 Freeze                   Ice            0%         1d3       30%         1
 Slow                     Hex            0%         N/A       30%         1
 Confusing Touch          Hex            0%         N/A       67%         3
 Dazzling Flash           Conj/Hex       0%         N/A       67%         3
 Frozen Ramparts          Ice            0%         1d1       67%         3
 Hailstorm                Conj/Ice       0%         3d5       67%         3
 Mephitic Cloud           Conj/Alch/Air  0%         N/A       67%         3
 Vampiric Draining        Necr           0%         2d6       67%         3
 Silence                  Hex/Air        0%         N/A       100%        5


Dungeon Overview and Level Annotations

Branches:
Dungeon (4/15)
 Temple: D:4-7

Altars:
Dithmenos
Fedhas
Kikubaaqudgha
Qazlal


Innate Abilities, Weirdness & Mutations

You are a tree.
Your roots penetrate the ground, keeping you stationary.
You cannot be teleported.
You are immune to unholy pain and torment.
Your maximum health is greatly increased.
Your equipment is partially melded.
You are too large for most types of armour.
((You have a pair of small horns on your head.))
((You have tough skin. (AC +1)))
You gain doubled healing and magic from potions.
Whenever you drink a healing potion, you attack all around you.


Message History

The ribbon worm is heavily wounded.
The iguana bites you.
* * * LOW HITPOINT WARNING * * *
Unknown command.
You hit the ribbon worm.
The ribbon worm is severely wounded.
The ribbon worm bites you but does no damage.
The iguana bites you but does no damage.
You hit the ribbon worm.
The ribbon worm is almost dead.
The ribbon worm bites you but does no damage.
The iguana bites you but does no damage.
You hit the ribbon worm.
The ribbon worm is almost dead.
The ribbon worm expels a string of sticky webbing.
The stream of webbing hits you but does no damage.
You are caught in a web!
The iguana bites you but does no damage.
The ribbon worm barely misses you.
The iguana bites you but does no damage.
Unknown command.
You completely miss the ribbon worm.
The ribbon worm is almost dead.
The iguana bites you but does no damage.
You hit the ribbon worm.
The ribbon worm is almost dead.
The ribbon worm expels a string of sticky webbing.
The stream of webbing hits you but does no damage.
You are caught in a web!
The iguana bites you but does no damage.
Unknown command.
The ribbon worm bites you.
* * * LOW HITPOINT WARNING * * *
The iguana bites you!
* * * LOW HITPOINT WARNING * * *
Unknown command.
You hit the ribbon worm.
The ribbon worm is almost dead.
The ribbon worm bites you.
You die...

## ..
#. #.
###.##
....#
#lw#
#.♣#
#..#
....#
#.##.#
#. #.#
# #.#
#.#
#.#


You could see a ribbon worm (catching breath) and an iguana.

Vanquished Creatures
  A scorpion (D:3)
  An orc wizard (D:3)
  Ijyb (D:3)
  A gnoll (D:1)
  5 adders
  5 orcs (D:3)
  4 bats (D:3)
  8 endoplasms
  3 giant cockroaches
  3 goblins
  5 hobgoblins
  A quokka (D:1)
  3 ball pythons
  3 frilled lizards
  5 kobolds
  3 rats
52 creatures vanquished.

Notes
Turn   | Place    | Note
-------+----------+-------------------------------------------
     0 | D:1      | Maxmaps the Oni Monk began the quest for the Orb.
     0 | D:1      | Reached XP level 1. HP: 24/24 MP: 1/1
   251 | D:1      | Reached XP level 2. HP: 21/32 MP: 2/2
   312 | D:1      | HP: 1/32 [gnoll/+0 flail (4)]
   323 | D:1      | HP: 1/32 [kobold/+0 dagger (3)]
   327 | D:1      | Reached skill level 4 in Maces & Flails
   918 | D:1      | Reached XP level 3. HP: 37/39 MP: 3/3
  1280 | D:2      | Found an ancient bone altar of Kikubaaqudgha.
  1734 | D:2      | Found a faded altar of an unknown god.
  1862 | D:2      | Reached XP level 4. HP: 45/48 MP: 4/4
  2099 | D:3      | Reached skill level 5 in Maces & Flails
  2296 | D:3      | Found a stormy altar of Qazlal.
  2538 | D:3      | Noticed Ijyb
  2538 | D:3      | Noticed a scorpion
  2555 | D:3      | Killed a scorpion
  2556 | D:3      | Reached skill level 6 in Maces & Flails
  2556 | D:3      | Reached XP level 5. HP: 50/54 MP: 5/5
  2608 | D:3      | Found a shadowy altar of Dithmenos.
  2640 | D:3      | Killed Ijyb
  2693 | D:3      | Found a blossoming altar of Fedhas.
  3221 | D:4      | Slain by a ribbon worm

Illustrated notes

Levels and vault maps discovered:
D:1:      dpeg_arrival_pits, layout_basic, st_stairs_2
D:2:      layout_loops_ring, basic_altar, nicolae_ecumenical_lake_church,
          nicolae_titane
D:3:      minmay_door_path, layout_basic, fedhas_altar_2,
          overflow_temple_1_default, grunt_dithmenos_smoke, uniq_ijyb
D:4:      layout_loops_ring, kennysheep_mini_moat, biasface_ghost_orc_armoury,
          gup_sewer_entry_bubbles, uniq_pikel

Skill      XL: |  1  2  3  4 |
---------------+-------------+-----
Maces & Flails | 4 6 |  6.4
Fighting       | |  4.0
Dodging        | |  2.6

Action                     |  1- 3 |  4- 6 || total
---------------------------+-------+-------++-------
  Melee: Mace              |    20 |       ||    20
         Headbutt          |    21 |    28 ||    49
         Staff             |    50 |   125 ||   175
         Unarmed           |       |    11 ||    11
    Use: Potion            |       |     2 ||     2
 Armour: Robe              |    39 |    98 ||   137
         Skin              |       |    19 ||    19
  Dodge: Dodged            |    26 |    61 ||    87

Table legend: (Time is in decaauts)
 A = Elapsed time spent in this place.
 B = Non-inter-level travel time spent in this place.
 C = Inter-level travel time spent in this place.
 D = Time resting spent in this place.
 E = Time spent auto-exploring this place.
 F = Levels seen in this place.
 G = Mean time per level.
                   A        B        C        D        E       F      G
               +--------+--------+--------+--------+--------+-----+--------+
         Total |   3211 |   3091 |    120 |    249 |   2346 |   4 |  802.8 |
       Dungeon |   3211 |   3091 |    120 |    249 |   2346 |   4 |  802.8 |
               +--------+--------+--------+--------+--------+-----+--------+

Top non-repeatable levels by time:
     D:1: 1207 daAuts
     D:3: 1111 daAuts
     D:2: 873 daAuts
     D:4: 18 daAuts
